[Event "Team 45 45 League T40"]
[Site "Internet Chess Club"]
[Date "2009.02.14"]
[Round "3"]
[White "vaknight"]
[Black "BotanicalKnight"]
[Result "1-0"]
[WhiteElo "1672"]
[BlackElo "1589"]
[Opening "Caro-Kann defense"]
[ECO "B10"]
[Time "21:00:09"]
[TimeControl "2700+45"]

1. e4 c6 2. f4 d5 3. e5 Qb6 4. Bd3 e6 5. Qe2 Nh6 6. Nc3 c5 7. Bb5+ Nc6 8. Bxc6+
Qxc6 9. Nf3 c4 10. d3 b5 11. dxc4 bxc4 12. Be3 Rb8 13. Nd4 Qa6 14. b3 cxb3 15.
cxb3 Bb4 16. Bd2 O-O 17. O-O Qxe2 18. Ndxe2 Ba6 19. Rfe1 Bc5+ 20. Kh1 Ng4 21. h3
Nf2+ 22. Kh2 Nd3 23. Na4 Be7 24. Red1 Nf2 25. Re1 Nd3 26. Nd4 Nxe1 27. Nc6 Rb7
28. Nxe7+ Rxe7 29. Bb4 Rc7 30. Bxf8 Kxf8 31. Rxe1 Bb5 32. Re3 Bxa4 33. bxa4 Rc4
34. Kg3 d4 35. Rb3 Rc3+ 36. Kf2 Rc2+ 37. Kf1 Rxa2 38. Rb8+ Ke7 39. Rb7+ Kf8 40.
Rb8+ Ke7 41. Rb7+ Ke8 42. Rxa7 d3 43. Ke1 Rxg2 44. a5 Re2+ 45. Kd1 Ra2 46. a6
Ra1+ 47. Kd2 Ra3 48. Rb7 f5 49. a7 {Black resigns} 1-0

[Event "Team 45 45 League T40"]
[Site "Internet Chess Club"]
[Date "2009.02.15"]
[Round "3"]
[White "noblitz-oblige"]
[Black "rayonline53"]
[Result "1-0"]
[WhiteElo "1605"]
[BlackElo "1557"]
[Opening "Sicilian: Najdorf, Opocensky variation"]
[ECO "B92"]
[Time "10:28:59"]
[TimeControl "2700+45"]

1. e4 c5 2. Nf3 d6 3. d4 cxd4 4. Nxd4 Nf6 5. Nc3 a6 6. Be2 Nc6 7. Be3 g6 8. Qd2
Bg7 9. Nxc6 bxc6 10. Bh6 O-O 11. Bxg7 Kxg7 12. O-O Bb7 13. Rad1 Qc7 14. f4 e6
15. Qxd6 Qb6+ 16. Qd4 c5 17. Na4 cxd4 18. Nxb6 Rad8 19. e5 Ne8 20. Bf3 Bxf3 21.
Rxf3 Nc7 22. Rfd3 Nb5 23. a4 Na7 24. Rxd4 Rxd4 25. Rxd4 Rb8 26. Rd6 Nc8 27. Nxc8
Rxc8 28. Rxa6 Rxc2 29. b3 Rb2 30. Rb6 Ra2 31. Rb5 h6 32. a5 g5 33. fxg5 hxg5 34.
b4 Kg6 35. Rb7 f5 36. exf6 Kxf6 37. Rb6 Kf5 38. a6 e5 39. b5 Kf4 40. Rf6+ Ke3
41. Rf1 e4 42. Rb1 Kd2 43. b6 {Black resigns} 1-0

[Event "Team 45 45 League T40"]
[Site "Internet Chess Club"]
[Date "2009.02.12"]
[Round "3"]
[White "SeniorCitizen"]
[Black "PostMike"]
[Result "0-1"]
[WhiteElo "1370"]
[BlackElo "1548"]
[Opening "Sicilian: Hungarian variation"]
[ECO "B34"]
[Time "14:30:20"]
[TimeControl "2700+45"]

1. e4 c5 2. Nf3 g6 3. d4 Bg7 4. Nc3 cxd4 5. Nxd4 Nc6 6. Nxc6 bxc6 7. Bd2 d6 8.
Bd3 Nf6 9. O-O Qb6 10. Rb1 O-O 11. Qc1 Rd8 12. Na4 Qb7 13. Kh1 Be6 14. b3 Nd7
15. c4 Ne5 16. Bc2 c5 17. f4 Nc6 18. f5 Bd7 19. Bc3 Nb4 20. Bxg7 Kxg7 21. fxg6
hxg6 22. a3 Nc6 23. Nc3 Rh8 24. Rf2 Ne5 25. Qf4 f6 26. h3 Bxh3 27. gxh3 Rxh3+
28. Rh2 Rah8 29. Rxh3 Rxh3+ 30. Kg2 Rxc3 31. Qd2 Rf3 32. Rh1 g5 33. Bd1 Rf4 34.
Qe2 Qxe4+ 35. Qxe4 Rxe4 {White resigns} 0-1

[Event "Team 45 45 League T40"]
[Site "Internet Chess Club"]
[Date "2009.02.14"]
[Round "3"]
[White "Ivio"]
[Black "Pillsbury57"]
[Result "1-0"]
[WhiteElo "1794"]
[BlackElo "1445"]
[Opening "Pirc: classical (two knights) system"]
[ECO "B08"]
[Time "16:00:07"]
[TimeControl "2700+45"]

1. d4 d6 2. e4 Nf6 3. Nc3 g6 4. Nf3 Bg7 5. Bc4 O-O 6. h3 Nc6 7. O-O Nd7 8. a3
Nb6 9. Ba2 e5 10. dxe5 Nxe5 11. Nxe5 Bxe5 12. Qf3 Be6 13. Bh6 Re8 14. Bxe6 fxe6
15. Qg4 Nd7 16. f4 Bd4+ 17. Kh1 Nf6 18. Qg3 Kh8 19. Bg5 Nh5 20. Qd3 Bf6 21. h4
Qe7 22. g4 Bxg5 23. fxg5 Ng7 24. Rf6 Rf8 25. Raf1 Rxf6 26. Rxf6 Rf8 27. Qf3 Kg8
28. Nb5 Rxf6 29. gxf6 Qf7 30. Nd4 e5 31. Nb5 a6 32. Nc3 Ne6 33. Nd5 Nd4 34. Qd3
c6 35. Ne7+ Kf8 36. g5 h6 37. c3 Nb5 38. a4 Na7 39. Qxd6 hxg5 40. Nxg6+ Kg8 41.
Ne7+ Kh7 42. Qxe5 gxh4 43. Qf5+ Kh8 44. e5 c5 45. e6 Qh7 46. Ng6+ Kg8 47. f7+
{Black resigns} 1-0

[Event "Team 45 45 League T40"]
[Site "Internet Chess Club"]
[Date "2009.02.13"]
[Round "3"]
[White "achessfool"]
[Black "SATELLITE-DAN"]
[Result "0-1"]
[WhiteElo "1443"]
[BlackElo "1564"]
[Opening "Ruy Lopez: Worrall attack, sharp line"]
[ECO "C86"]
[Time "20:00:19"]
[TimeControl "2700+45"]

1. e4 e5 2. Nf3 Nc6 3. Bb5 a6 4. Ba4 Nf6 5. O-O Be7 6. Qe2 b5 7. Bb3 O-O 8. c3
d5 9. d3 d4 10. Bg5 h6 11. Bh4 Rb8 12. Nbd2 Rb6 13. cxd4 Nxd4 14. Nxd4 Qxd4 15.
Rab1 Bg4 16. Nf3 Qd8 17. h3 Bxf3 18. Qxf3 Nh7 19. Bg3 Rf6 20. Qe3 Bd6 21. Rbd1
Qe7 22. Qa7 Bc5 23. Qb7 Rd8 24. Bxe5 Qxe5 25. a4 Rb6 26. Qa7 Ng5 27. Bd5 bxa4
28. Rc1 Nxh3+ 29. gxh3 Rg6+ 30. Kh1 Bxa7 31. f4 Qh5 32. Kh2 Qe2+ 33. Kh1 Qg2#
{White checkmated} 0-1

[Event "Team 45 45 League T40"]
[Site "Internet Chess Club"]
[Date "2009.02.14"]
[Round "3"]
[White "Tjet"]
[Black "BishopMike"]
[Result "1-0"]
[WhiteElo "1527"]
[BlackElo "1417"]
[Opening "English opening"]
[ECO "A20"]
[Time "12:05:22"]
[TimeControl "2700+45"]

1. c4 e5 2. g3 Nf6 3. Bg2 c6 4. d4 exd4 5. Qxd4 d5 6. cxd5 cxd5 7. Nf3 Nc6 8.
Qa4 Bd7 9. Qd1 Bc5 10. O-O O-O 11. Bg5 h6 12. Bxf6 Qxf6 13. Qxd5 Qxb2 14. Nbd2
Bb4 15. Qxd7 Rfd8 16. Qxb7 Na5 17. Rab1 Qxb1 18. Rxb1 Nxb7 19. Rxb4 Rab8 20. Nf1
Nc5 21. Rc4 Ne6 22. a4 Rb2 23. e3 Rdb8 24. Nd4 Ra2 25. Nxe6 fxe6 26. h4 Rbb2 27.
Rf4 g5 28. hxg5 hxg5 29. Rf3 Rxa4 30. Rf6 Kg7 31. Rxe6 Raa2 32. Bd5 Ra5 33. e4
Rc5 34. Re7+ Kf6 35. Rf7+ Ke5 36. Ne3 Rc1+ 37. Kg2 Rc3 38. Ng4+ Kd4 39. Rxa7 Rc1
40. Rg7 Rbb1 41. Rxg5 Rg1+ 42. Kf3 Rbc1 43. Kf4 Rc8 44. Kf5 Rc5 45. Ke6 Re1 46.
f3 Rg1 47. Nf6 Rf1 48. Rf5 Rc3 49. g4 Rcxf3 50. Rxf3 Rxf3 51. g5 Rg3 52. Kf5 Rg1
53. Kg6 Ke5 54. Nh5 Rg2 55. Ng7 Rg1 56. Ne6 Rg2 57. Kg7 Rb2 58. g6 Rb8 59. Kh7
Kf6 60. g7 Kf7 61. Nd8+ {Black resigns} 1-0

[Event "Team 45 45 League T40"]
[Site "Internet Chess Club"]
[Date "2009.02.16"]
[Round "3"]
[White "TheronUAL"]
[Black "albacore"]
[Result "1-0"]
[WhiteElo "1426"]
[BlackElo "1367"]
[Opening "Scandinavian defense"]
[ECO "B01"]
[Time "20:00:19"]
[TimeControl "2700+45"]

1. e4 d5 2. exd5 Nf6 3. Nc3 c6 4. Nf3 cxd5 5. d4 Nc6 6. Bb5 Bd7 7. O-O e6 8. a3
Bd6 9. Bg5 O-O 10. Re1 a6 11. Bf1 Rc8 12. Na4 Na5 13. Nc5 Be7 14. b4 Nc6 15.
Nxb7 Qb6 16. Nc5 Nb8 17. Bxf6 Bxf6 18. Ne5 Bxe5 19. Rxe5 f6 20. Re3 Rf7 21. c4
dxc4 22. Bxc4 Re7 23. Qe2 Rce8 24. Re1 Kh8 25. Bxe6 Bxe6 26. Rxe6 Rxe6 27. Nxe6
Rg8 28. Qg4 a5 29. Nf4 Rf8 30. Re7 g5 31. Qh5 {Black resigns} 1-0

[Event "Team 45 45 League T40"]
[Site "Internet Chess Club"]
[Date "2009.02.14"]
[Round "3"]
[White "Grenadier"]
[Black "wbanks"]
[Result "1-0"]
[WhiteElo "1678"]
[BlackElo "1580"]
[Opening "Ruy Lopez: Archangelsk (counterthrust) variation"]
[ECO "C78"]
[Time "09:53:43"]
[TimeControl "2700+45"]

1. e4 e5 2. Nf3 Nc6 3. Bb5 a6 4. Ba4 Nf6 5. O-O b5 6. Bb3 Bb7 7. Re1 Bc5 8. c3
d6 9. d3 Ne7 10. Bg5 Ng6 11. Nbd2 O-O 12. d4 exd4 13. cxd4 Bb4 14. e5 h6 15.
exf6 hxg5 16. Nxg5 Qxf6 17. Qh5 Rfd8 18. Bxf7+ {Black resigns} 1-0

[Event "Team 45 45 League T40"]
[Site "Internet Chess Club"]
[Date "2009.02.12"]
[Round "3"]
[White "BigW"]
[Black "scar99"]
[Result "1-0"]
[WhiteElo "1617"]
[BlackElo "1616"]
[Opening "Scandinavian defense"]
[ECO "B01"]
[Time "13:00:11"]
[TimeControl "2700+45"]

1. e4 d5 2. exd5 Nf6 3. Bb5+ Bd7 4. Bc4 b5 5. Bb3 a5 6. a3 Bg4 7. f3 Bc8 8. Nc3
Ba6 9. d3 Nbd7 10. Nge2 Nc5 11. Ba2 b4 12. axb4 axb4 13. Ne4 Nfxe4 14. dxe4 g6
15. Qd4 Qd6 16. Bf4 Qb6 17. Qxh8 b3 18. Bxb3 Qb5 19. Nc3 Nd3+ 20. cxd3 Qxb3 21.
Qd4 Qxb2 22. Qa4+ Kd8 23. Bxc7+ Kxc7 24. Qc6+ Kb8 25. O-O Bb7 26. Qe8+ Bc8 27.
Rxa8+ Kxa8 28. Qxc8+ Ka7 29. Qxf8 Qxc3 30. Qxe7+ Ka8 31. Qe8+ Ka7 32. Qa4+ Kb7
33. Rb1+ {Black resigns} 1-0

[Event "Team 45 45 League T40"]
[Site "Internet Chess Club"]
[Date "2009.02.13"]
[Round "3"]
[White "blitzisbest"]
[Black "toukon"]
[Result "1-0"]
[WhiteElo "1503"]
[BlackElo "1409"]
[Opening "Sicilian: Alapin's variation (2.c3)"]
[ECO "B22"]
[Time "15:00:08"]
[TimeControl "2700+45"]

1. e4 c5 2. c3 d5 3. exd5 Qxd5 4. c4 Qd6 5. Nf3 Nf6 6. Nc3 Bg4 7. h3 Bh5 8. g4
Bg6 9. Nb5 Qd8 10. d4 a6 11. Nc3 e6 12. g5 Ne4 13. Bd3 Nxc3 14. bxc3 Bxd3 15.
Qxd3 cxd4 16. cxd4 Be7 17. Qe4 Qc7 18. O-O O-O 19. Bf4 Qc8 20. Rfb1 Ra7 21. h4
Qxc4 22. Rxb7 Rxb7 23. Qxb7 Nc6 24. Rc1 Qxa2 25. Rxc6 Qd5 26. Rc7 Qxb7 27. Rxb7
Ba3 28. Ra7 f6 29. Rxa6 fxg5 30. Rxa3 gxf4 31. Ng5 Re8 32. Ra6 e5 33. dxe5 Kf8
34. Nxh7+ Kg8 35. Ng5 Kf8 36. e6 g6 37. Kg2 Kg7 38. Kf3 Kf6 39. Kxf4 Kg7 40.
Ra7+ Kg8 41. Ke5 Kf8 42. Rf7+ Kg8 43. Nh7 Ra8 44. Nf6+ Kh8 45. Rh7# {Black
checkmated} 1-0

[Event "Team 45 45 League T40"]
[Site "Internet Chess Club"]
[Date "2009.02.14"]
[Round "3"]
[White "Makaen"]
[Black "houseofcook"]
[Result "1-0"]
[WhiteElo "1517"]
[BlackElo "1434"]
[Opening "French: King's Indian attack"]
[ECO "C00"]
[Time "11:00:11"]
[TimeControl "2700+45"]

1. e4 e6 2. d3 d5 3. Nd2 c5 4. Ngf3 Nc6 5. g3 Bd6 6. Bg2 Nge7 7. O-O O-O 8. Nh4
b5 9. f4 Qb6 10. f5 c4+ 11. Kh1 exf5 12. Nxf5 Nxf5 13. exf5 d4 14. dxc4 Qc5 15.
Ne4 Qe5 16. Nxd6 Qxd6 17. cxb5 Bd7 18. bxc6 Bxc6 19. Bf4 Bxg2+ 20. Kxg2 Qd5+ 21.
Qf3 Qxf5 22. Qd3 Qd5+ 23. Kg1 Rad8 24. a3 Rfe8 25. Rae1 Qc5 26. Bd2 Qb6 27. b3
a5 28. a4 h6 29. Rxe8+ Rxe8 30. Re1 Rd8 31. Re2 Qf6 32. Bxa5 {Black resigns} 1-0

[Event "Team 45 45 League T40"]
[Site "Internet Chess Club"]
[Date "2009.02.15"]
[Round "3"]
[White "RingLord"]
[Black "Ghashgork"]
[Result "0-1"]
[WhiteElo "1592"]
[BlackElo "1718"]
[Opening "King's pawn opening"]
[ECO "B07"]
[Time "14:00:21"]
[TimeControl "2700+45"]

1. e4 d6 2. f4 g6 3. d4 Nf6 4. Bd3 Bg7 5. Nf3 Bg4 6. Nbd2 c6 7. h3 Bxf3 8. Nxf3
d5 9. e5 Nfd7 10. Qe2 e6 11. b3 Nb6 12. Ba3 Nc8 13. g4 Qa5+ 14. Nd2 Qxa3 15. c4
Qb2 16. O-O Qxd4+ 17. Kg2 Nd7 18. cxd5 cxd5 19. Rac1 O-O 20. Rc7 Ncb6 21. Bb5
Rfc8 22. Rfc1 Qxf4 23. Rxc8+ Rxc8 24. Rxc8+ Nxc8 25. Bxd7 Nb6 26. Bb5 Bxe5 27.
Nf1 Qe4+ 28. Qxe4 dxe4 29. Ne3 a6 30. Nc4 Nxc4 31. Bxc4 b5 32. Be2 f5 33. Kf2 f4
34. Bf1 Kf7 35. Bg2 Bd4+ 36. Ke1 f3 37. Bh1 Kf6 38. h4 Ke5 39. a4 bxa4 40. bxa4
a5 41. h5 Kf4 {White resigns} 0-1

[Event "Team 45 45 League T40"]
[Site "Internet Chess Club"]
[Date "2009.02.14"]
[Round "3"]
[White "civilization"]
[Black "BlunderJack"]
[Result "0-1"]
[WhiteElo "1611"]
[BlackElo "1613"]
[Opening "Sicilian: Alapin's variation (2.c3)"]
[ECO "B22"]
[Time "14:04:36"]
[TimeControl "2700+45"]

1. e4 c5 2. c3 d5 3. exd5 Qxd5 4. d4 Nc6 5. Nf3 Bg4 6. Be2 e6 7. O-O cxd4 8.
cxd4 Nf6 9. Nc3 Qa5 10. h3 Bh5 11. Bd2 Bb4 12. a3 Bxc3 13. bxc3 Qc7 14. Re1 O-O
15. Ne5 Nxe5 16. Bxh5 Nxh5 17. Rxe5 Nf6 18. Rc5 Qd7 19. Re5 Rac8 20. Qb3 Qc6 21.
Rc5 Qa6 22. Qb5 Qxb5 23. Rxb5 Rc7 24. Bf4 Rd7 25. Rb3 Rc8 26. Kf1 Ne4 27. f3 Nf6
28. Rc1 Nd5 29. Bd2 Nb6 30. Ke2 Nc4 31. Kd3 Nxd2 32. Kxd2 e5 33. Rcb1 b6 34. Kd3
exd4 35. cxd4 Rc6 36. Rc3 Rxc3+ 37. Kxc3 Rc7+ 38. Kd3 f5 39. f4 h5 40. h4 Kf7
41. Rb2 g6 42. Rc2 Rxc2 43. Kxc2 Ke6 44. Kd3 Kd5 45. a4 a6 46. g3 b5 47. axb5
axb5 48. Kc3 b4+ 49. Kxb4 Kxd4 50. Kb5 Ke4 51. Kc5 Kf3 52. Kd5 Kxg3 53. Ke5 Kxh4
54. Kf6 Kg4 55. Kxg6 h4 {White resigns} 0-1

[Event "Team 45 45 League T40"]
[Site "Internet Chess Club"]
[Date "2009.02.14"]
[Round "3"]
[White "Bookkeeper"]
[Black "knight2f3"]
[Result "0-1"]
[WhiteElo "1632"]
[BlackElo "1528"]
[Opening "Four knights: Italian variation"]
[ECO "C47"]
[Time "09:10:08"]
[TimeControl "2700+45"]

1. e4 Nf6 2. Nc3 e5 3. Nf3 Nc6 4. Bc4 Nxe4 5. Nxe4 d5 6. Bb5 dxe4 7. Bxc6+ bxc6
8. Nxe5 Qf6 9. Ng4 Qg6 10. Ne3 Ba6 11. b3 Bb4 12. c4 O-O 13. O-O f5 14. Nc2 Bd6
15. Ba3 c5 16. d4 exd3 17. Qxd3 Bb7 18. f3 Qh5 19. g3 Rad8 20. Qe2 Rfe8 21. Qf2
Re6 22. Rae1 Rh6 23. f4 Be4 24. h4 Bd3 25. Bxc5 Bxf1 26. Rxf1 Re8 27. Be3 Rg6
28. Kh2 Bc5 29. b4 Bxe3 30. Nxe3 Rge6 31. Re1 c6 32. Kg2 Qf7 33. Qd2 Re4 34. Kf2
Qf8 35. a4 Rd8 36. Qc3 Red4 37. Kf3 Rd3 38. Qe5 Qf6 39. Qxf6 gxf6 40. Kf2 Re8
41. h5 Rb3 42. b5 cxb5 43. axb5 Re4 44. Nxf5 Rxe1 45. Kxe1 Rb4 46. Nd6 Kf8 47.
Kd2 Ke7 48. Kc3 Rb1 49. c5 Rc1+ 50. Kd4 Kd7 51. Nf5 Rd1+ 52. Kc4 Kc7 53. h6 Ra1
54. Nd4 Re1 55. Kd5 Re3 56. g4 Rg3 57. g5 fxg5 58. Ne6+ Kd7 59. c6+ Kc8 60. fxg5
Rd3+ 61. Ke5 Rb3 62. Nd4 Rb4 63. Kd5 Rb1 64. Ke6 Rb4 65. Ke5 Rb1 66. Kf6 Rb4 67.
Ne6 Rxb5 68. g6 hxg6 69. Kxg6 Rb1 70. h7 Rg1+ 71. Ng5 Rh1 72. Kf5 a5 73. Ke4 a4
74. Kd3 Rh4 75. Kc3 Kc7 76. Kb2 Kxc6 77. Ka3 Kb5 78. Ka2 Kb4 79. Nf3 Rxh7 80.
Nd4 Rh2+ 81. Nc2+ Rxc2+ {White resigns} 0-1

[Event "Team 45 45 League T40"]
[Site "Internet Chess Club"]
[Date "2009.02.16"]
[Round "3"]
[White "badmove"]
[Black "dougmo"]
[Result "1/2-1/2"]
[WhiteElo "1600"]
[BlackElo "1527"]
[Opening "Bird's opening"]
[ECO "A02"]
[Time "16:01:44"]
[TimeControl "2700+45"]

1. f4 g6 2. Nf3 d5 3. e3 Bg7 4. Be2 Nh6 5. O-O O-O 6. d3 b6 7. c3 Bb7 8. Qe1 c5
9. Nbd2 Nc6 10. Nb3 Qc7 11. e4 dxe4 12. dxe4 Rad8 13. Qh4 f6 14. Be3 Nf7 15. Bc4
Kh8 16. Rad1 e5 17. f5 g5 18. Qe1 Rxd1 19. Qxd1 Rd8 20. Qe2 Nd6 21. Bf2 Nxc4 22.
Qxc4 Qc8 23. Qe2 Ba6 24. c4 Nd4 25. Nbxd4 cxd4 26. b3 b5 27. Rc1 bxc4 28. bxc4
Bf8 29. Nd2 Qc6 30. h4 Rb8 31. hxg5 fxg5 32. Qh5 Be7 33. Qf7 Qf6 34. Qxf6+ {Game
drawn by mutual agreement} 1/2-1/2

[Event "Team 45 45 League T40"]
[Site "Internet Chess Club"]
[Date "2009.02.13"]
[Round "3"]
[White "Victorianum"]
[Black "vescovifan"]
[Result "1/2-1/2"]
[WhiteElo "1703"]
[BlackElo "1611"]
[Opening "Evans gambit: compromised defense, Paulsen variation"]
[ECO "C52"]
[Time "14:05:52"]
[TimeControl "2700+45"]

1. e4 e5 2. Nf3 Nc6 3. Bc4 Bc5 4. b4 Bxb4 5. c3 Ba5 6. Qb3 Qf6 7. d4 exd4 8. O-O
dxc3 9. e5 Qg6 10. Nxc3 Nge7 11. Ba3 O-O 12. Ne2 d5 13. Bd3 Bf5 14. Nh4 Qg5 15.
Nxf5 Nxf5 16. Bxf5 Qxf5 17. Bxf8 Rxf8 18. Qxd5 Rd8 19. Qb5 Bb6 20. Ng3 Qxe5 21.
Qxe5 Nxe5 22. Rad1 Rxd1 23. Rxd1 Kf8 24. h3 g6 25. Kf1 Ke7 26. Ne4 h6 27. Nc3 c6
28. Na4 Ba5 29. Nc5 b6 30. Nb3 Bb4 31. f4 Nd7 32. Nd4 c5 33. Nc6+ Ke6 34. Nxa7
Nf6 35. Kf2 Ne4+ 36. Kf3 f5 37. Nc8 Nd2+ 38. Ke2 Ne4 39. Rd3 c4 40. Rd4 b5 41.
Na7 Nc3+ 42. Kf3 Bc5 43. Nxb5 Nxb5 44. Rxc4 Kd5 45. Ra4 g5 46. fxg5 hxg5 47. Ra8
Nd4+ 48. Kg3 Ne2+ 49. Kf3 Ng1+ 50. Kg3 Ne2+ 51. Kh2 Bd6+ 52. Kh1 Ng3+ 53. Kg1
Bc5+ 54. Kh2 Nf1+ 55. Kh1 Ng3+ 56. Kh2 Nf1+ 57. Kh1 Ng3+ 58. Kh2 Nf1+ 59. Kh1
Ng3+ 60. Kh2 Nf1+ 61. Kh1 Ng3+ 62. Kh2 Nf1+ 63. Kh1 {Game drawn by repetition}
1/2-1/2

[Event "Team 45 45 League T40"]
[Site "Internet Chess Club"]
[Date "2009.02.11"]
[Round "3"]
[White "Spady"]
[Black "celebrat"]
[Result "1-0"]
[WhiteElo "1685"]
[BlackElo "1583"]
[Opening "French: Steinitz variation"]
[ECO "C11"]
[Time "20:42:12"]
[TimeControl "2700+45"]

1. e4 e6 2. d4 d5 3. Nc3 Nf6 4. e5 Nfd7 5. f4 Be7 6. Nf3 O-O 7. Be3 a6 8. Qd2 c5
9. O-O-O Nc6 10. g4 Qb6 11. h4 cxd4 12. Nxd4 Bc5 13. Na4 Qb4 14. Nxc5 Qxd2+ 15.
Rxd2 Nxc5 16. Nxc6 Ne4 17. Ne7+ Kh8 18. Rdh2 Bd7 19. f5 Rfe8 20. f6 gxf6 21.
exf6 Nxf6 22. Bd4 Kg7 23. g5 {Black resigns} 1-0

[Event "Team 45 45 League T40"]
[Site "Internet Chess Club"]
[Date "2009.02.16"]
[Round "3"]
[White "forsyth"]
[Black "AngryPirate"]
[Result "1/2-1/2"]
[WhiteElo "1447"]
[BlackElo "1506"]
[Opening "French: Winawer, Petrosian variation"]
[ECO "C16"]
[Time "18:04:05"]
[TimeControl "2700+45"]

1. e4 e6 2. d4 d5 3. Nc3 Bb4 4. e5 Qd7 5. a3 Bf8 6. b4 b6 7. Bb5 c6 8. Bd3 Ba6
9. Bxa6 Nxa6 10. Qd3 Nc7 11. Nge2 Ne7 12. O-O Nf5 13. Ng3 g6 14. Nce2 h5 15.
Nxf5 gxf5 16. c4 dxc4 17. Qxc4 Qd5 18. Qxd5 Nxd5 19. h4 Be7 20. Bg5 Bxg5 21.
hxg5 Rg8 22. f4 Kd7 23. Rf3 h4 24. Nc3 Rac8 25. Nxd5 cxd5 26. Rh3 Rh8 27. a4 Rc4
28. a5 b5 29. a6 Rxd4 30. g3 Rxb4 31. Kg2 Rb2+ 32. Kf3 Rb3+ 33. Kg2 Rxg3+ 34.
Rxg3 hxg3 35. Kxg3 Rc8 36. Kf3 Rc4 37. Rh1 b4 38. Rh7 Rc3+ 39. Ke2 b3 40. g6 b2
41. gxf7 Ke7 42. f8=Q+ Kxf8 43. Rb7 Rc2+ 44. Kd3 Rc6 45. Rxb2 Rxa6 46. Rb7 Ke8
47. Kd4 Kd8 48. Kc5 Kc8 49. Re7 Kd8 50. Rb7 Kc8 51. Re7 {Game drawn by mutual
agreement} 1/2-1/2

[Event "Team 45 45 League T40"]
[Site "Internet Chess Club"]
[Date "2009.02.13"]
[Round "3"]
[White "rgadoury"]
[Black "john-beebs"]
[Result "0-1"]
[WhiteElo "1240"]
[BlackElo "1432"]
[Opening "Four knights: Italian variation"]
[ECO "C47"]
[Time "16:00:14"]
[TimeControl "2700+45"]

1. e4 e5 2. Nf3 Nc6 3. Nc3 Nf6 4. Bc4 Bb4 5. d3 d5 6. exd5 Nxd5 7. Bxd5 Bxc3+ 8.
bxc3 Qxd5 9. O-O O-O 10. h3 Re8 11. Re1 h6 12. Be3 b6 13. d4 e4 14. Ne5 Nxe5 15.
dxe5 Qxe5 16. Bd4 Qg5 17. Re3 Qe7 18. f3 Bf5 19. f4 Rad8 20. Qf1 c5 21. Be5 f6
22. g4 Bxg4 23. hxg4 fxe5 24. Rxe4 Qh4 25. Qg2 exf4 26. Rxe8+ Rxe8 27. Rf1 Qg3
28. Qxg3 fxg3 29. Kg2 Re2+ 30. Kxg3 Rxc2 31. a3 Rxc3+ 32. Rf3 Rxf3+ 33. Kxf3 Kf7
{White resigns} 0-1

[Event "Team 45 45 League T40"]
[Site "Internet Chess Club"]
[Date "2009.02.13"]
[Round "3"]
[White "Superjem"]
[Black "bobhill"]
[Result "1-0"]
[WhiteElo "2113"]
[BlackElo "2013"]
[Opening "English: ultra-symmetrical variation"]
[ECO "A36"]
[Time "22:39:33"]
[TimeControl "2700+45"]

1. c4 c5 2. g3 Nc6 3. Bg2 g6 4. Nc3 Bg7 5. e3 Nf6 6. Nge2 O-O 7. O-O d6 8. Rb1
Be6 9. d3 Qc8 10. Nf4 Bd7 11. a3 Re8 12. b4 e5 13. Nfd5 Nxd5 14. Nxd5 Ne7 15.
Nxe7+ Rxe7 16. bxc5 Qxc5 17. Rxb7 Rd8 18. Bd2 a5 19. Qb3 Bf8 20. Rb1 Bf5 21. Rb5
Qc8 22. Bxa5 Rde8 23. Bb4 Ra7 24. Ra5 Rc7 25. Bd5 Bh3 26. Rb5 Qf5 27. Be4 Qf6
28. Ba5 Rcc8 29. Bc3 h5 30. Rb7 h4 31. Qd1 Be6 32. Qf3 Qg5 33. Bd5 Bxd5 34. Qxd5
Re6 35. Rxf7 Kxf7 36. Qb7+ Be7 37. Qxc8 hxg3 38. hxg3 Qh5 39. Kg2 Rf6 40. Qc6
Qe2 41. Qd5+ Kg7 42. Rf1 Rf5 43. Qe4 Rf8 44. a4 Rh8 45. a5 Qh5 46. Re1 Qh3+ 47.
Kg1 Qh2+ 48. Kf1 Rf8 49. Qg2 Qh5 50. a6 Qf5 51. Rd1 Qh5 52. Ke1 Qh8 53. a7 Kf7
54. Rb1 Ra8 55. Qd5+ Kf6 56. Rb6 Kg5 57. Rb7 Bf6 58. Rh7 Qc8 59. Qe4 d5 60. Qh4+
Kf5 61. Qh3+ Kg5 62. f4+ {Black resigns} 1-0

[Event "Team 45 45 League T40"]
[Site "Internet Chess Club"]
[Date "2009.02.11"]
[Round "3"]
[White "Beddathanme"]
[Black "SuperPeon"]
[Result "1-0"]
[WhiteElo "1872"]
[BlackElo "1929"]
[Opening "Pirc: Holmov system"]
[ECO "B07"]
[Time "21:04:55"]
[TimeControl "2700+45"]

1. e4 d6 2. d4 Nf6 3. Nc3 g6 4. Bc4 Bg7 5. Nf3 O-O 6. Qe2 Bg4 7. e5 Ne8 8. Bf4
Nc6 9. O-O-O a6 10. h3 Bxf3 11. gxf3 Na5 12. Bd3 b5 13. h4 h5 14. Rhg1 d5 15. e6
c6 16. exf7+ Rxf7 17. Qe6 Qc8 18. Qxg6 Rxf4 19. Rg5 e6 20. Rxh5 Qd7 21. Rh8+
Kxh8 22. Qh7# {Black checkmated} 1-0

[Event "Team 45 45 League T40"]
[Site "Internet Chess Club"]
[Date "2009.02.13"]
[Round "3"]
[White "player12321"]
[Black "Alphalegacy"]
[Result "0-1"]
[WhiteElo "1932"]
[BlackElo "1950"]
[Opening "Sicilian: wing gambit"]
[ECO "B20"]
[Time "18:11:28"]
[TimeControl "2700+45"]

1. e4 c5 2. b4 cxb4 3. d4 Nf6 4. Bd3 Nc6 5. Nf3 d5 6. exd5 Nxd5 7. O-O Bg4 8.
Bb2 e6 9. Nbd2 Be7 10. h3 Bh5 11. Ne4 O-O 12. Qe2 Rc8 13. Ng3 Nf4 14. Bxh7+ Kxh7
15. Qe4+ Bg6 16. Qxf4 Qc7 17. Qg4 Bf6 18. Nh5 Bxh5 19. Qxh5+ Kg8 20. d5 g6 21.
Qh6 Bxb2 22. d6 Bg7 23. Qf4 Qd7 24. Qh4 Bxa1 25. Rxa1 f6 26. Rd1 Qg7 27. Qe4 Qf7
28. Nh4 f5 29. Qf4 Qf6 30. Nf3 e5 31. Qe3 Rfd8 32. Qc5 Nd4 33. Qd5+ Qf7 34. Qxe5
Nxf3+ 35. gxf3 Rxc2 36. Qa5 {White resigns} 0-1

[Event "Team 45 45 League T40"]
[Site "Internet Chess Club"]
[Date "2009.02.14"]
[Round "3"]
[White "room-matt"]
[Black "touchthis"]
[Result "1/2-1/2"]
[WhiteElo "1783"]
[BlackElo "1804"]
[Opening "French: exchange variation"]
[ECO "C01"]
[Time "14:03:12"]
[TimeControl "2700+45"]

1. e4 e6 2. d4 d5 3. exd5 exd5 4. Nf3 Nc6 5. Bb5 Bg4 6. O-O Bd6 7. h3 Bh5 8.
Re1+ Ne7 9. Nc3 O-O 10. Be2 Re8 11. a3 a6 12. Nh2 Bxh2+ 13. Kxh2 Qd6+ 14. Kg1
Bxe2 15. Nxe2 Nf5 16. c3 Nce7 17. Bf4 Qd7 18. Ng3 Nxg3 19. Bxg3 Nf5 20. Qg4 g6
21. Bf4 f6 22. h4 c6 23. h5 Qf7 24. hxg6 hxg6 25. Qh3 Rxe1+ 26. Rxe1 Re8 27.
Rxe8+ Qxe8 28. Qg4 Kg7 29. Qd1 Qe4 30. Qc1 Nh4 31. f3 Qe2 32. Qd2 Qxd2 33. Bxd2
g5 34. Kf2 Nf5 35. b3 Nd6 36. g3 Kg6 37. a4 b6 38. g4 f5 39. Kg3 f4+ 40. Kh3 Kf6
41. Kg2 Ke6 42. Kf2 Nc8 43. Ke2 Ne7 44. Kd3 Ng6 45. Ke2 Kd6 46. c4 dxc4 47. bxc4
b5 48. Bb4+ Kd7 49. axb5 axb5 50. cxb5 cxb5 51. Kd3 Nh4 52. Ke4 Ke6 53. d5+ Kd7
54. Bc5 Ke8 {Game drawn by mutual agreement} 1/2-1/2

[Event "Team 45 45 League T40"]
[Site "Internet Chess Club"]
[Date "2009.02.13"]
[Round "3"]
[White "Majamutu"]
[Black "Ser-Enigma"]
[Result "1/2-1/2"]
[WhiteElo "2035"]
[BlackElo "2126"]
[Opening "Scotch: Blumenfeld attack"]
[ECO "C45"]
[Time "15:01:05"]
[TimeControl "2700+45"]

1. e4 e5 2. Nf3 Nc6 3. d4 exd4 4. Nxd4 Bc5 5. Be3 Qf6 6. Nb5 Bxe3 7. fxe3 Qh4+
8. g3 Qxe4 9. Nxc7+ Kd8 10. Nxa8 Nf6 11. Qd6 Qxh1 12. Nd2 Ne8 13. Qf4 Qxh2 14.
O-O-O Qh6 15. Qxf7 Qxe3 16. Kb1 Qxg3 17. Ne4 Qe5 18. Bh3 Ne7 19. Qc4 b6 20. Qa4
Nd5 21. Qxa7 Qxe4 22. Nxb6 Nxb6 23. Qxb6+ Nc7 24. Bxd7 Bxd7 25. Qb8+ Ke7 26.
Qxh8 Ne8 27. Qg8 Be6 28. Qh8 Qe2 29. Rc1 Qc4 30. b3 Qe4 31. Rf1 {Game drawn by
mutual agreement} 1/2-1/2